 Dungeon Crawl Stone Soup version 0.31-a0-1529-g7bd419a0e5 (webtiles) character file.

Game seed: 14649256581504307857

28 wildpjah the Sneak (level 3, 16/16 HPs)
             Began as a Vine Stalker Enchanter on Dec 31, 2023.
             Was a Follower of Zin.
             Quit the game on level 1 of the Dungeon.
             The game lasted 00:01:30 (764 turns).

wildpjah the Sneak (Vine Stalker Enchanter)          Turns: 764, Time: 00:01:31

Health: 16/16      AC:  2    Str: 10    XL:     3   Next: 12%
Magic:  7/7        EV: 12    Int: 15    God:    Zin [*.....]
Gold:   54         SH:  0    Dex: 16    Spells: 6/6 levels left

rFire   . . .        a - +1 dagger
rCold   . . .        (no shield)
rNeg    . . .        b - +0 robe
rPois   .            (no helmet)
rElec   .            (no cloak)
rCorr   .            (no gloves)
SInv    .            (no boots)
Will    .....        (no amulet)
Stlth   +++          (no ring)
HPRegen 1.02/turn    (no ring)
MPRegen 0.10/turn

%: guardian spirit
@: no status effects
A: fangs 2, regeneration 1, magic shield, antimagic bite, no potion heal 2
a: Renounce Religion, Recite, Donate Gold


You were on level 1 of the Dungeon.
You worshipped Zin.
Zin was aware of your devotion.
You visited 1 branch of the dungeon, and saw 1 of its levels.

You collected 60 gold pieces.
You donated 6 gold pieces to Zin.

Inventory:

Hand Weapons
 a - a +1 dagger (weapon)
Armour
 b - a +0 robe (worn)
Scrolls
 e - a scroll of poison {unknown}
 f - a scroll of teleportation {unknown}
 g - a scroll of fog {unknown}
 h - a scroll of identify {unknown}
 i - a scroll of enchant armour {unknown}
Potions
 c - 2 potions of invisibility
 d - a potion of cancellation {unknown}


   Skills:
 + Level 0.8 Short Blades
 + Level 1.7 Dodging
 * Level 4.6 Stealth
 + Level 2.3 Spellcasting
 + Level 3.3 Hexes


You had 6 spell levels left.
You didn't know any spells.
Your spell library contained the following spells:

 Spells                   Type           Power      Damage    Failure   Level
 Ensorcelled Hibernation  Hex/Ice        12%        N/A       17%         2
 Confusing Touch          Hex            11%        N/A       17%         3
 Tukima's Dance           Hex            11%        N/A       17%         3
 Apportation              Tloc           2%         N/A       22%         1
 Necrotise                Necr           4%         1d4       22%         1
 Sting                    Conj/Alch      4%         1d3       22%         1
 Summon Small Mammal      Summ           4%         N/A       22%         1
 Dazzling Flash           Conj/Hex       12%        N/A       32%         3


Dungeon Overview and Level Annotations

Branches:
Dungeon (1/15)

Altars:
Zin


Innate Abilities, Weirdness & Mutations

You have extremely sharp teeth.
Your natural rate of healing is unusually fast.
When hurt, damage is shared between your health and your magic reserves.
Your bite disrupts and absorbs the magic of your enemies.
Potions cannot restore your health.


Message History

A quokka is nearby!
Found two human skeletons.
The quokka misses you. The quokka barely misses you.
You miss the quokka. The quokka barely misses you.
You hit the quokka but do no damage. Your punch misses the quokka.
The quokka barely misses you.
You hit the quokka.
You kill the quokka!
No target in view!
No target in view!
A ball python and an endoplasm come into view.
Found three human skeletons and 9 stones.
Found a scroll labelled BEMOGISAIW.
Found a human skeleton.
Found a faded altar of an unknown god.
The ball python hisses angrily.
You hit the ball python.
The ball python is severely wounded.
The ball python closely misses you. The ball python barely misses you.
You hit the ball python.
You kill the ball python!
No target in view!
No target in view!
No target in view!
You see here a human skeleton.
You see here a human skeleton.
h - a scroll labelled BEMOGISAIW
There is a faded altar of an unknown god here.
This altar belongs to (a) Zin, (b) Jiyva or (c) Dithmenos, but you can't tell which.
Press the corresponding letter to learn more about a god, or press enter to convert or escape to cancel.
Zin accepts your prayer! Zin welcomes you!
You pay a tithe of 6 gold.
You can now donate money to Zin.
You can now recite Zin's Axioms of Law.
The endoplasm quivers.
The endoplasm barely misses you.
You hit the endoplasm.
The endoplasm is heavily wounded.
The endoplasm barely misses you.
You hit the endoplasm.
You kill the endoplasm!
Are you sure you want to abandon this character and quit the game? (Confirm with "yes".)

########## #....(...##
#.#.8.....##
##.#.@÷..÷..##########
#........÷...÷#.....÷...
####.#8.......#.........
######.#........#.########
#..........÷.÷._#.#
#.......#########.#
#..†.......# #.#
#..........# #.#
#..........# #.#


There were no monsters in sight!

Vanquished Creatures
  An endoplasm (D:1)
  2 giant cockroaches (D:1)
  5 goblins (D:1)
  A hobgoblin (D:1)
  2 quokkas (D:1)
  4 ball pythons (D:1)
  2 bats (D:1)
  A frilled lizard (D:1)
  4 kobolds (D:1)
  5 rats (D:1)
27 creatures vanquished.

Notes
Turn   | Place    | Note
-------+----------+-------------------------------------------
     0 | D:1      | wildpjah the Vine Stalker Enchanter began the quest for the
                  | Orb.
     0 | D:1      | Reached XP level 1. HP: 9/9 MP: 4/4
   230 | D:1      | Reached XP level 2. HP: 13/13 MP: 3/6
   281 | D:1      | Reached skill level 4 in Stealth
   699 | D:1      | Reached XP level 3. HP: 16/16 MP: 7/7
   744 | D:1      | Found a faded altar of an unknown god.
   755 | D:1      | Prayed at the altar of an unknown god.
   755 | D:1      | Became a worshipper of Zin the Law-Giver
   755 | D:1      | Reached * piety under Zin
   764 | D:1      | Quit the game

Illustrated notes

Levels and vault maps discovered:
D:1:      dreamdust_arrival_sigmund_warning, layout_basic,
          shapermc_ecumenical_altar_pompeii

Skill      XL: |  1  2 |
---------------+-------+-----
Stealth        | 4 |  4.6
Short Blades   | |  0.8
Dodging        | |  1.7
Spellcasting   | |  2.3
Hexes          | |  3.3

Action                     || total
---------------------------++-------
  Melee: Dagger            ||    62
         Bite              ||     5
   Stab: Sleeping          ||     6
 Armour: Robe              ||    24
  Dodge: Dodged            ||    43

Table legend: (Time is in decaauts)
 A = Elapsed time spent in this place.
 B = Non-inter-level travel time spent in this place.
 C = Inter-level travel time spent in this place.
 D = Time resting spent in this place.
 E = Time spent auto-exploring this place.
 F = Levels seen in this place.
 G = Mean time per level.
                   A        B        C        D        E       F      G
               +--------+--------+--------+--------+--------+-----+--------+
         Total |    761 |    758 |      3 |      0 |    565 |   1 |  761.0 |
       Dungeon |    761 |    758 |      3 |      0 |    565 |   1 |  761.0 |
               +--------+--------+--------+--------+--------+-----+--------+

Top non-repeatable levels by time:
     D:1: 761 daAuts
